 Seeded DCSS version 0.30.1-9-gdf580d7c3d (webtiles) character file.

Game seed: 6351066067085065685 (custom seed)

101931 Esekla the Eclecticist (level 15, 0/89 HPs)
             Began as a Deep Elf Wanderer on Oct 17, 2023.
             Was a High Priest of Vehumet.
             Blown up by an orb spider (51 damage)
             ... with an orb of destruction
             ... on level 3 of the Spider Nest on Oct 18, 2023.
             The game lasted 03:49:04 (22971 turns).

Esekla the Eclecticist (Deep Elf Wanderer)         Turns: 22971, Time: 03:49:05

Health: 0/89       AC: 17    Str: 11    XL:     15   Next: 84%
Magic:  41/41      EV: 15    Int: 29    God:    Vehumet [*****.]
Gold:   4025       SH:  0    Dex: 11    Spells: 10/54 levels left

rFire   + . .        a - +12 pair of quick blades "Gyre" and "Gimble" {protect}
rCold   + . .        (shield currently unavailable)
rNeg    . . .        T - +0 troll leather armour
rPois   .            W - +2 helmet {Int+3}
rElec   .            I - +2 cloak
rCorr   .            U - +2 pair of gloves "Seteklek" {rF+ rC+}
SInv    +            l - +2 pair of boots {rampage}
Will    +....        B - amulet of magic regeneration
Stlth   +++          m - ring of see invisible
HPRegen 1.14/turn    L - ring of the Mage {Wiz Archmagi}
MPRegen 0.67/turn

%: rampage, wizardry (x1), archmagi
@: wereblooded, studying Fighting
A: no striking features
a: Renounce Religion


You were on level 3 of the Spider Nest.
You worshipped Vehumet.
Vehumet was extremely pleased with you.
You visited 5 branches of the dungeon, and saw 23 of its levels.
You also visited: Trove and Bailey.

You collected 6277 gold pieces.
You spent 2252 gold pieces at shops.

Inventory:

Hand Weapons
 a - the +12 pair of quick blades "Gyre" and "Gimble" (weapon) {protect}
   (You found it in a treasure trove)
 c - a +5 scimitar
 r - a +4 trident of venom
Missiles
 i - 12 boomerangs (quivered)
 x - 54 poisoned darts
 J - 5 curare-tipped darts
Armour
 l - a +2 pair of boots of rampaging (worn)
 I - a +2 cloak (worn)
 M - a +2 robe of cold resistance
 T - a +0 troll leather armour (worn)
 U - the +2 pair of gloves "Seteklek" (worn) {rF+ rC+}
   (You found it in a treasure trove)

   rF:        It protects you from fire.
   rC:        It protects you from cold.
 W - a +2 helmet of intelligence (worn)
Jewellery
 k - an amulet of reflection
 m - a ring of see invisible (left hand)
 q - the ring of Akemeir {Fire Str+4}
   (You found it in a treasure trove)

   [ring of fire]

   It enhances your fire magic.
   Str:       It affects your strength (+4).
   rF:        It protects you from fire.
   rC:        It makes you vulnerable to cold.
 s - the ring of Greed {rElec rPois rN+ AC+4 Str-2}
   (You bought it in a shop on level 2 of the Dungeon)

   [ring of protection]

   AC:        It affects your AC (+4).
   Str:       It affects your strength (-2).
   rElec:     It insulates you from electricity.
   rPois:     It protects you from poison.
   rN:        It protects you from negative energy.
 B - an amulet of magic regeneration (around neck)
 D - a +5 ring of evasion
 L - the ring of the Mage (right hand) {Wiz Archmagi}
   (You bought it in a shop on level 2 of the Dungeon)

   [ring of wizardry]

   It improves your spell success rate.
   Archmagi:  It increases the power of your magical spells.
 Q - a ring of ice
 V - the ring of Descent {rPois rC+ Int+5 Stlth-}
   (You found it in a treasure trove)

   [ring of protection from cold]

   Int:       It affects your intelligence (+5).
   rC:        It protects you from cold.
   rPois:     It protects you from poison.
   Stlth:     It makes you less stealthy.
Wands
 p - a wand of roots (35)
 C - a wand of flame (34)
 E - a wand of quicksilver (3)
 G - a wand of mindburst (9)
 O - a wand of digging (9)
Scrolls
 f - 3 scrolls of fear
 n - a scroll of identify
 t - 5 scrolls of enchant weapon
 w - 3 scrolls of amnesia
 y - 5 scrolls of blinking
 z - 2 scrolls of silence
 A - 2 scrolls of magic mapping
 F - 2 scrolls of poison
 H - 7 scrolls of teleportation
 N - 4 scrolls of fog
Potions
 b - 3 potions of lignification
 d - 7 potions of attraction
 e - 3 potions of ambrosia
 g - a potion of cancellation
 h - a potion of heal wounds
 j - 8 potions of curing
 o - 7 potions of haste
 u - 5 potions of brilliance
 v - a potion of might
 K - a potion of resistance
 R - 2 potions of magic
 S - 4 potions of flight


   Skills:
 * Level 8.5 Fighting
 * Level 7.4(7.5) Short Blades
 + Level 1.4(4.5) Long Blades
 + Level 2.9 Throwing
 * Level 5.1 Armour
 * Level 10.9 Dodging
 + Level 6.3 Stealth
 + Level 2.3 Shields
 * Level 20.4 Spellcasting
 + Level 6.0 Conjurations
 * Level 11.0 Necromancy
 + Level 4.9 Translocations
 - Level 3.1 Transmutations
 + Level 6.4 Fire Magic
 + Level 5.8 Ice Magic
 * Level 7.6 Air Magic
 * Level 6.1 Earth Magic
 + Level 6.7 Poison Magic
 + Level 1.0 Invocations


You had 10 spell levels left.
You knew the following spells:

 Your Spells              Type           Power      Damage    Failure   Level
a - Magic Dart            Conj           100%       1d8       1%          1
b - Blink                 Tloc           100%       N/A       1%          2
c - Mephitic Cloud        Conj/Pois/Air  81%        N/A       1%          3
d - Vampiric Draining     Necr           96%        2d12      1%          3
e - Searing Ray           Conj           100%       2d8       1%          2
f - Fireball              Conj/Fire      39%        3d16      1%          5
l - Flame Wave            Conj/Fire      78%        2d17      1%          4
n - Ignite Poison         Fire/Tmut/Pois 75%        N/A       1%          3
p - Apportation           Tloc           100%       N/A       1%          1
r - Frozen Ramparts       Ice            100%       1d16      1%          3
v - Poisonous Vapours     Pois/Air       100%       N/A       1%          2
w - Wereblood             Tmut           64%        N/A       1%          2
x - Olgreb's Toxic Radia  Pois           80%        N/A       1%          4
y - Sticky Flame          Conj/Fire      78%        2d9       1%          4
z - Freezing Cloud        Conj/Ice/Air   39%        6-21      1%          5

Your spell library contained the following spells:

 Spells                   Type           Power      Damage    Failure   Level
 Spellforged Servitor     Conj/Summ      31%        N/A       36%         7
 Necrotise                Necr           100%       1d9       0%          1
 Foxfire                  Conj/Fire      100%       2x1d9     1%          1
 Sandblast                Erth           100%       2d20      1%          1
 Sting                    Tmut/Pois      100%       1d8       1%          1
 Lesser Beckoning         Tloc           100%       N/A       1%          2
 Passwall                 Tmut/Erth      59%        N/A       1%          2
 Sublimation of Blood     Necr           96%        N/A       1%          2
 Gell's Gravitas          Tloc           72%        N/A       1%          3
 Hailstorm                Conj/Ice       77%        3d16      1%          3
 Portal Projectile        Hex/Tloc       100%       N/A       1%          3
 Spider Form              Tmut/Pois      72%        N/A       1%          3
 Stone Arrow              Conj/Erth      100%       3d13      1%          3
 Teleport Other           Tloc           72%        N/A       1%          3
 Vhi's Electric Charge    Tloc/Air       100%       N/A       1%          3
 Ice Form                 Ice/Tmut       70%        N/A       1%          4
 Manifold Assault         Tloc           72%        N/A       1%          4
 Passage of Golubria      Tloc           72%        N/A       1%          4
 Summon Ice Beast         Ice/Summ       63%        N/A       1%          4
 Agony                    Necr           96%        N/A       1%          5
 Plasma Beam              Fire/Air       40%        2x1d59    1%          6
 Starburst                Conj/Fire      39%        6d11      2%          6
 Silence                  Hex/Air        33%        N/A       4%          5
 Cause Fear               Hex            22%        N/A       6%          4
 Dispersal                Tloc           36%        N/A       13%         6
 Summon Mana Viper        Hex/Summ       44%        N/A       17%         5
 Ignition                 Fire           39%        3d12      54%         8
 Lehudib's Crystal Spear  Conj/Erth      39%        10d10     58%         8
 Summon Hydra             Summ           22%        N/A       99%         7
 Disjunction              Tloc           36%        N/A       99%         8


Dungeon Overview and Level Annotations

Branches:
Dungeon (12/15)            Temple (0/1) D:6            Lair (5/5) D:11
 Shoals (0/4) Lair:2       Spider (3/4) Lair:3        Slime (0/5) Lair:5
    Orc (2/2) D:10            Elf (1/3) Orc:2        Bailey (visited)

Altars:
Dithmenos
Fedhas
Hepliaklqana
Nemelex Xobeh
Okawaru
Qazlal
Ru
Trog
Uskayaw
Vehumet
Zin
The Shining One
Jiyva

Shops:
D:2 =   D:4 (   D:11 *   Orc:2 **[:

Portals:
Pandemonium: Orc:2

Annotations:
D:11 earth elemental


Message History

Confirm with . or Enter, or press ? or * to list all spells.
You feel a surge of power!
Your blood is infused with primal strength.
The orb spider looks even sicker. x2
The orb spider spins a strand of pure energy.
The orb spider weaves a glowing orb of energy. x3 3 orbs of destruction come into view.
Casting: Wereblood (safe; 1% risk of failure)
Confirm with . or Enter, or press ? or * to list all spells.
You feel a surge of power!
You blink.
Found a stone staircase leading down.
The orb spider looks even sicker. x4
The orb spider looks as sick as possible!
Your toxic aura wanes.
The wavering orb of destruction hits you!!!
Casting: Blink (safe; 1% risk of failure)
Confirm with . or Enter, or press ? or * to list all spells.
You feel a surge of power!
You ignite the poison in your surroundings!
The orb spider seems to burn from within!!
You kill the orb spider!
Vehumet accepts your kill.
You feel your power returning.
The orb spider seems to burn from within!!!!
You kill the orb spider!
Vehumet accepts your kill.
You feel your power returning.
The orb spider seems to burn from within!!!
You kill the orb spider!
Vehumet accepts your kill.
You feel your power returning.
The orb spider seems to burn from within!!!
You kill the orb spider!
Vehumet accepts your kill.
You feel your power returning.
The orb spider seems to burn from within!!!
You kill the orb spider!
Vehumet accepts your kill.
You feel your power returning. The orb of destruction hits you!!!
Ouch! That really hurt!
You die...

#....^ ^.
##..^.###
#.###.$.....##
...#..^≈○....#
..#..†..○..^.##.
.....^.^*..≈.^..
...^.≈^^§.^≈.^..
...^.≈.....≈....
[^#..^@☼☼.^^##.
#...≈○≈°†.#
#.#...†...#.#
##.##^^^##.^.#
## #...# ..##
#.... .# ....##
..>.#


There were no monsters in sight!

Vanquished Creatures
  Rupert (Lair:4)
  A deep elf sorcerer (Elf:1)
  2 orc warlords
  A deep elf demonologist (Elf:1)
  Azrael (Orc:2)
  2 deep elf annihilators (Elf:1)
  A spark wasp (Spider:1)
  5 entropy weavers
  A deep elf death mage (Elf:1)
  2 fire dragons (Lair:5)
  A deep elf high priest (Elf:1)
  Harold (D:9)
  2 boulder beetles (Lair:2)
  A demonspawn (Orc:2)
  3 hydras
  A catoblepas (Lair:5)
  3 jorogumos
  4 dancing weapons (Elf:1)
  3 two-headed ogres
  3 orc high priests (Orc:2)
  A pharaoh ant (Spider:1)
  A sun moth (Spider:1)
  Lodul (D:11)
  A skyshark (Lair:4)
  6 orb spiders
  A deep elf archer (Elf:1)
  Pikel (D:6)
  A swamp dragon (Lair:5)
  2 steelbarb worms (Spider:1)
  2 lindwurms (Lair:5)
  An oklob plant (Lair:5)
  7 deep elf pyromancers (Elf:1)
  7 deep elf zephyrmancers (Elf:1)
  An ugly thing (D:12)
  2 wolf spiders
  8 orc knights
  7 cyclopes
  10 orc sorcerers
  9 elephants (Lair:5)
  2 moths of wrath (Spider:1)
  Joseph (D:7)
  A merfolk siren (Lair:2)
  2 black mambas
  7 torpor snails
  2 gargoyles
  A smoke demon (Orc:2)
  2 demonic crawlers (Spider:1)
  11 cane toads
  Psyche (D:11)
  3 rime drakes
  15 komodo dragons
  A kobold demonologist (D:9)
  A red devil (Orc:2)
  3 tyrant leeches (Lair:5)
  2 merfolk (Lair:2)
  A polar bear (D:11)
  7 trolls
  9 hornets
  A queen bee (shapeshifter) (Elf:1)
  5 tarantellas
  5 blink frogs (Lair:1)
  5 jumping spiders
  4 centaur simulacra (D:11)
  An air elemental (Elf:1)
  A vampire (D:12)
  4 culicivoras
  A water elemental (Elf:1)
  A wraith (D:12)
  33 yaks
  12 spriggans (Lair:3)
  4 basilisks
  A chaos spawn (Orc:2)
  3 fire elementals (Orc:2)
  3 steam dragons
  5 wyverns
  11 redbacks
  Menkaure (D:7)
  3 wargs
  2 acid dragons (Lair:5)
  6 ice beasts
  14 water moccasins
  4 hell hounds (Orc:2)
  2 swamp drakes (Lair:5)
  A sky beast (D:6)
  43 orc warriors
  2 black bears
  18 ogres
  2 centaurs
  12 wolves
  3 boggarts (Lair:3)
  A phantom (D:7)
  Blork the orc (D:6)
  3 kobold brigands
  An earth elemental (Elf:1)
  4 gnoll sergeants
  10 bullfrogs
  3 scorpions
  10 wights
  21 killer bees
  2 howler monkeys (D:10)
  An electric eel (D:11)
  2 quasits (D:8)
  3 gnoll boudas
  6 hounds
  A jelly (D:6)
  Crazy Yiuf (D:7)
  32 orc priests
  12 hell rats
  A sleepcap (D:5)
  7 iguanas
  14 orc wizards
  34 gnolls
  9 adders
  3 shadow imps (D:8)
  9 white imps
  4 ufetubi
  A worm (D:4)
  3 dart slugs
  92 orcs
  4 endoplasms
  9 goblins
  7 hobgoblins
  A quokka (D:1)
  6 ball pythons
  4 bats
  4 frilled lizards
  21 kobolds
  A rat (D:2)
  A butterfly (Lair:4)
742 creatures vanquished.

Vanquished Creatures (collateral kills)
  An orc (D:8)
1 creature vanquished.

Vanquished Creatures (others)
  A basilisk (Lair:5)
  2 orcs (D:8)
3 creatures vanquished.

Grand Total: 746 creatures vanquished

Notes
Turn   | Place    | Note
-------+----------+-------------------------------------------
     0 | D:1      | Esekla the Deep Elf Wanderer began the quest for the Orb.
     0 | D:1      | Esekla set off with the following items: a +0 club, a
                  | potion of lignification, a +0 robe, a +0 buckler; and the
                  | following spells available to memorise: Apportation, Blink,
                  | Lesser Beckoning, Magic Dart, Ignite Poison, Vampiric
                  | Draining.
     0 | D:1      | Reached XP level 1. HP: 10/10 MP: 7/7
     2 | D:1      | Learned a level 1 spell: Magic Dart
     4 | D:1      | Learned a level 1 spell: Apportation
   356 | D:5      | Entered Level 5 of the Dungeon
   356 | D:5      | Noticed an iguana
   406 | D:4      | Found a radiant altar of Vehumet.
   414 | D:4      | Found an iron altar of Okawaru.
   422 | D:4      | Found a glowing silver altar of Zin.
   507 | D:4      | Became a worshipper of Vehumet
   694 | D:3      | Reached XP level 2. HP: 15/15 MP: 5/9
   697 | D:3      | Learned a level 2 spell: Blink
   894 | D:2      | Found Renulab's Jewellery Shop.
   943 | D:3      | Identified the +5 rapier of the Hero {heavy, rN+ Dex+3}
  1012 | D:3      | Reached skill level 1 in Dodging
  1245 | D:4      | Found Ponaysk's Antique Weapon Boutique.
  1444 | D:3      | Reached skill level 5 in Spellcasting
  1567 | D:3      | Found a stormy altar of Qazlal.
  1579 | D:3      | Reached XP level 3. HP: 16/19 MP: 7/11
  1586 | D:3      | Found a bloodstained altar of Trog.
  1588 | D:3      | Found a hazy altar of Hepliaklqana.
  1596 | D:3      | Reached skill level 1 in Short Blades
  1596 | D:3      | Reached skill level 1 in Necromancy
  1600 | D:3      | Learned a level 3 spell: Vampiric Draining
  1721 | D:2      | Reached XP level 4. HP: 13/24 MP: 6/13
  1741 | D:2      | Reached * piety under Vehumet
  1741 | D:2      | Offered knowledge of Kiss of Death by Vehumet.
  2290 | D:2      | Noticed a black bear
  2301 | D:2      | Reached skill level 6 in Spellcasting
  2321 | D:2      | Found a faded altar of an unknown god.
  2375 | D:2      | Reached XP level 5. HP: 27/28 MP: 6/15
  2705 | D:5      | Got the Parchment of the Lumpy Olives
  2737 | D:5      | Found a shadowy altar of Dithmenos.
  2899 | D:5      | Reached XP level 6. HP: 27/32 MP: 2/17
  2969 | D:5      | Reached skill level 7 in Spellcasting
  3483 | D:5      | Reached XP level 7. HP: 36/36 MP: 20/20
  3630 | D:5      | Reached skill level 8 in Spellcasting
  3744 | D:4      | Reached ** piety under Vehumet
  3744 | D:4      | Offered knowledge of Searing Ray by Vehumet.
  3763 | D:4      | Learned a level 2 spell: Searing Ray
  3938 | D:4      | Found a glowing golden altar of the Shining One.
  4069 | D:6      | Reached skill level 1 in Conjurations
  4119 | D:6      | Noticed Pikel
  4154 | D:7      | Found a runed translucent door.
  4155 | D:7      | Noticed Crazy Yiuf
  4163 | D:7      | Killed Crazy Yiuf
  4303 | D:7      | Noticed a wyvern
  4309 | D:7      | Killed a wyvern
  4310 | D:7      | Reached skill level 5 in Necromancy
  4310 | D:7      | Reached XP level 8. HP: 20/41 MP: 13/22
  4415 | D:7      | Noticed Menkaure
  4421 | D:7      | Killed Menkaure
  4422 | D:7      | Reached skill level 9 in Spellcasting
  4906 | D:6      | Noticed Blork the orc
  4916 | D:6      | Offered knowledge of Frozen Ramparts by Vehumet.
  4919 | D:6      | Killed Blork the orc
  4924 | D:6      | Learned a level 3 spell: Frozen Ramparts
  5155 | D:7      | Reached skill level 5 in Dodging
  5155 | D:7      | Reached skill level 10 in Spellcasting
  5162 | D:7      | Reached skill level 1 in Ice Magic
  5241 | D:7      | Noticed Joseph
  5451 | D:6      | Found a blossoming altar of Fedhas.
  5467 | D:6      | Reached XP level 9. HP: 37/45 MP: 19/25
  5650 | D:6      | Killed Pikel
  5651 | D:6      | Reached skill level 1 in Throwing
  5694 | D:6      | Found a staircase to the Ecumenical Temple.
  5707 | D:6      | Reached *** piety under Vehumet
  6157 | D:7      | Learned a level 3 spell: Ignite Poison
  6209 | D:8      | Offered knowledge of Fulminant Prism by Vehumet.
  6369 | D:7      | Killed Joseph
  6370 | D:7      | Reached skill level 11 in Spellcasting
  6431 | D:8      | Reached skill level 1 in Long Blades
  6432 | D:8      | Reached **** piety under Vehumet
  6448 | D:8      | Offered knowledge of Mephitic Cloud by Vehumet.
  6481 | D:7      | Learned a level 3 spell: Mephitic Cloud
  6500 | D:8      | Reached skill level 5 in Conjurations
  6509 | D:8      | Noticed a two-headed ogre
  6599 | D:8      | Killed a two-headed ogre
  6600 | D:8      | Reached skill level 1 in Transmutations
  6600 | D:8      | Reached skill level 1 in Poison Magic
  6600 | D:8      | Reached XP level 10. HP: 50/50 MP: 22/27
  6792 | D:8      | Found a hide-covered altar of Uskayaw.
  6811 | D:8      | Reached skill level 12 in Spellcasting
  6834 | D:8      | Found a transporter.
  6835 | D:8      | Found a transporter.
  6850 | D:8      | Found a transporter.
  6850 | D:8      | Found a transporter.
  7403 | D:9      | Found a flagged portal.
  7529 | Bailey   | Entered a bailey
  7549 | Bailey   | Reached skill level 1 in Air Magic
  7722 | Bailey   | Identified the +2 bardiche of Puhoisos {heavy, rElec
                  | Stlth+}
  7726 | Bailey   | Noticed an orc knight
  7726 | Bailey   | Noticed an orc knight
  7767 | Bailey   | Killed an orc knight
  7768 | Bailey   | Reached skill level 1 in Fire Magic
  7893 | Bailey   | Killed an orc knight
  8091 | D:9      | Reached ***** piety under Vehumet
  8234 | D:9      | Offered knowledge of Flame Wave by Vehumet.
  8285 | D:9      | Reached skill level 13 in Spellcasting
  8359 | D:9      | Learned a level 4 spell: Flame Wave
  8390 | D:9      | Found a sparkling altar of Nemelex Xobeh.
  8437 | D:9      | Noticed a two-headed ogre
  8446 | D:9      | Killed a two-headed ogre
  8447 | D:9      | Reached skill level 1 in Fighting
  8581 | D:9      | Noticed a cyclops
  8594 | D:9      | Killed a cyclops
  8618 | D:9      | Reached XP level 11. HP: 34/56 MP: 30/30
  9027 | D:10     | Entered Level 10 of the Dungeon
  9059 | D:10     | Found a staircase to the Orcish Mines.
  9068 | Orc:1    | Entered Level 1 of the Orcish Mines
  9071 | Orc:1    | Noticed an orc knight
  9098 | Orc:1    | Killed an orc knight
  9547 | D:2      | Bought the ring of the Mage {Wiz Archmagi} for 714 gold
                  | pieces
  9547 | D:2      | Found the ring of the Mage {Wiz Archmagi}
  9926 | D:10     | You fall into a shaft and drop 1 floor!
  9988 | D:11     | Got Simple Magic
 10039 | D:11     | Noticed Psyche
 10041 | D:11     | Noticed a two-headed ogre
 10052 | D:11     | Killed a two-headed ogre
 10061 | D:11     | Killed Psyche
 10062 | D:11     | Reached skill level 14 in Spellcasting
 10213 | D:11     | Noticed Lodul
 10216 | D:11     | Killed Lodul
 10234 | D:11     | Found Fagafuf's Pet Rocks.
 10340 | D:12     | Learned a level 2 spell: Wereblood
 10556 | D:11     | Found a staircase to the Lair.
 10624 | D:11     | Reached XP level 12. HP: 66/66 MP: 18/32
 10624 | D:11     | Offered knowledge of Eringya's Noxious Bog by Vehumet.
 10690 | D:11     | Reached skill level 15 in Spellcasting
 10985 | D:12     | Learned a level 5 spell: Fireball
 11112 | D:12     | Learned a level 5 spell: Freezing Cloud
 11115 | D:12     | Learned a level 2 spell: Poisonous Vapours
 11148 | D:12     | Found a portal to a secret trove of treasure.
 11174 | Trove    | Entered a treasure trove
 11179 | Trove    | Found the +8 mithril axe "Arga" {speed, Will+}
 11179 | Trove    | Found the +12 pair of quick blades "Gyre" and "Gimble"
                  | {protect}
 11183 | Trove    | Identified the ring of Akemeir {Fire Str+4}
 11187 | Trove    | Identified the +2 pair of gloves "Seteklek" {rF+ rC+}
 11201 | Trove    | Identified the ring of Descent {rPois rC+ Int+5 Stlth-}
 11214 | Trove    | Identified the +3 ring mail "Poady" {+Inv rF+ Dex+2 Slay-4}
 11594 | D:12     | Reached skill level 5 in Fire Magic
 12014 | D:10     | Reached skill level 1 in Armour
 12014 | D:10     | Reached skill level 5 in Poison Magic
 12097 | D:10     | Found a sacrificial altar of Ru.
 12479 | D:9      | Noticed Harold
 12484 | D:9      | Killed Harold
 12683 | D:2      | Bought the ring of Greed {rElec rPois rN+ AC+4 Str-2} for
                  | 758 gold pieces
 12859 | Lair:1   | Entered Level 1 of the Lair of Beasts
 12901 | Lair:1   | Reached skill level 5 in Ice Magic
 13793 | Lair:1   | Reached skill level 5 in Fighting
 13799 | Lair:1   | Reached skill level 16 in Spellcasting
 14147 | Lair:2   | Found a transporter.
 14147 | Lair:2   | Found a transporter.
 14148 | Lair:2   | Noticed a boulder beetle
 14148 | Lair:2   | Noticed a boulder beetle
 14162 | Lair:2   | Killed a boulder beetle
 14163 | Lair:2   | Killed a boulder beetle
 14164 | Lair:2   | Reached skill level 1 in Earth Magic
 14375 | Lair:2   | Reached skill level 5 in Short Blades
 14474 | Lair:2   | Found a staircase to the Shoals.
 14488 | Lair:2   | Reached XP level 13. HP: 72/72 MP: 23/35
 15186 | Lair:3   | Found a hole to the Spider Nest.
 15237 | Lair:3   | Reached skill level 17 in Spellcasting
 15341 | Lair:3   | Identified the +3 leather armour of Okawaru's Inspiration
                  | {Str+4}
 16015 | Lair:3   | Reached skill level 5 in Stealth
 16038 | Lair:3   | Reached skill level 5 in Air Magic
 16434 | Lair:4   | Learned a level 4 spell: Sticky Flame
 16731 | Lair:4   | Noticed Rupert
 16795 | Lair:4   | Killed Rupert
 17076 | Lair:5   | Entered Level 5 of the Lair of Beasts
 17342 | Lair:5   | Found a viscous altar of Jiyva.
 17342 | Lair:5   | Found a staircase to the Slime Pits.
 17518 | Lair:5   | Reached XP level 14. HP: 78/80 MP: 34/37
 17537 | Lair:5   | Reached skill level 18 in Spellcasting
 17802 | Lair:5   | Found a runed translucent door.
 18149 | Lair:5   | Got Utragud's Papyrus of the Inquisitive Olives
 18682 | Orc:2    | Entered Level 2 of the Orcish Mines
 18750 | Orc:2    | Reached skill level 10 in Dodging
 19020 | Orc:2    | Found a staircase to the Elven Halls.
 19055 | Orc:2    | Noticed an orc warlord
 19074 | Orc:2    | Killed an orc warlord
 19148 | Orc:2    | Found Bamnuus's General Store.
 19177 | Orc:2    | Found Roezostra's General Store.
 19197 | Orc:2    | Reached skill level 19 in Spellcasting
 19286 | Orc:2    | Noticed Azrael
 19299 | Orc:2    | Killed Azrael
 19391 | Orc:2    | Offered knowledge of Iron Shot by Vehumet.
 19392 | Orc:2    | Reached skill level 5 in Earth Magic
 19535 | Orc:2    | Found Jyohez's Book Shop.
 19535 | Orc:2    | Found a one-way gate leading to the halls of Pandemonium.
 19535 | Orc:2    | Found Huzal's Antique Armour Boutique.
 19548 | Orc:2    | Bought a runed helmet for 270 gold pieces
 19561 | Orc:2    | Bought a Young Poisoner's Handbook for 300 gold pieces
 19566 | Orc:2    | Learned a level 4 spell: Olgreb's Toxic Radiance
 19644 | Orc:1    | Reached XP level 15. HP: 88/88 MP: 25/40
 20028 | Spider:1 | Entered Level 1 of the Spider Nest
 20082 | Spider:1 | Reached skill level 10 in Necromancy
 20157 | Spider:1 | Identified the +1 pair of boots of Piysunuo {Str+3}
 20561 | Spider:2 | Reached skill level 20 in Spellcasting
 20580 | Spider:1 | Offered knowledge of Spellforged Servitor by Vehumet.
 21120 | Spider:2 | Acquired 931 gold pieces
 21121 | Spider:2 | Acquired 808 gold pieces
 21122 | Spider:2 | Acquired 765 gold pieces
 21374 | D:2      | Bought a ring of see invisible for 210 gold pieces
 21886 | Elf:1    | Entered Level 1 of the Elven Halls
 22184 | Elf:1    | Reached skill level 5 in Armour
 22341 | Elf:1    | Noticed a deep elf sorcerer
 22347 | Elf:1    | Killed a deep elf sorcerer
 22971 | Spider:3 | Blown up by an orb spider

Illustrated notes

Levels and vault maps discovered:
D:1:      sevenhm_arrival_forest_fort_small_3, layout_rooms,
          chequers_serial_rivers_room_b, minmay_misc_feat_five
D:2:      layout_loops_ring, dreamdust_ecumenical_altar_angels_and_demons,
          serial_shops, shop
D:3:      layout_basic, grunt_temple_overflow_open, minmay_misc_feat_iff
D:4:      layout_basic, nicolae_overflow_quartered_altars, serial_shops,
          nicolae_diamond_shop
D:5:      layout_loops_ring, lemuel_doored_altar, minmay_misc_feat_rows,
          dreamdust_wishing_well
D:6:      layout_loops_cross, fedhas_altar_fruit_tree,
          minmay_temple_entry_glass, uniq_pikel, uniq_blork_the_orc
D:7:      layout_basic, uniq_menkaure, uniq_joseph, uniq_crazy_yiuf_cottage
D:8:      layout_basic, nicolae_uskayaw_dance_hall, serial_demonic,
          serial_demonic_d, serial_demonic_a, serial_demonic_c,
          serial_demonic_c, nicolae_diode_quadrants
D:9:      layout_irregular_city, kennysheep_little_box, enter_bailey_4,
          minmay_between, uniq_harold
D:10:     layout_basic, nicolae_ru_awakened_eye
D:11:     layout_rooms, hellmonk_lair_entry_icy, serial_ice, serial_ice_j,
          serial_ice_m, serial_ice_o, serial_ice_c, serial_ice_g, serial_ice_f,
          guppyfry_shop_earth, uniq_psyche, uniq_lodul
D:12:     layout_roguey, nicolae_trove_entry_crossroad
Lair:1:   layout_small_grid
Lair:2:   gammafunk_boulding_lane, layout_small_grid, elwin_shoals_entry_rooms
Lair:3:   kb_forest_paths, layout_chaotic_city, spider_nest_entry_rubble
Lair:4:   layout_hall_layers, grunt_megastairs_3, lemuel_fruit_fields,
          uniq_rupert
Lair:5:   guppyfry_lair_end_dragon, layout_misc_corridors, wormcave,
          dpeg_slime_entry_enclosed
Spider:1: layout_spider_delve, nicolae_spider_some_kinda_spiderbox
Spider:2: layout_spider_delve, nicolae_spider_twisty_arc_passages
Spider:3: layout_chambers, nicolae_orb_stairs
Orc:1:    layout_caves
Orc:2:    pf_orc_diabolical, layout_diamond_mine, uniq_azrael
Elf:1:    minmay_elf_arrival_plus, layout_loops_cross,
          kennysheep_underground_church

Skill      XL: |  1  2  3  4  5  6  7  8  9 10 11 12 13 14 15 |
---------------+----------------------------------------------+-----
Dodging        | 1 2 3 5 6 7 9 10 | 10.9
Spellcasting   | 5 6 7 8 10 11 13 14 16 17 19 20 | 20.4
Short Blades   | 1 2 3 5 6 7 |  7.4
Necromancy     | 1 2 3 5 6 7 8 9 11 | 11.0
Shields        | 2 |  2.3
Translocations | 3 4 |  4.9
Stealth        | 2 3 4 6 |  6.3
Conjurations   | 2 3 5 6 |  6.0
Ice Magic      | 2 3 4 5 |  5.8
Throwing       | 1 2 |  2.9
Long Blades    | 1 |  1.4
Transmutations | 1 3 |  3.1
Poison Magic   | 1 2 4 5 6 |  6.7
Air Magic      | 2 3 4 5 6 7 |  7.6
Fire Magic     | 2 4 5 6 |  6.4
Fighting       | 1 4 5 6 7 8 |  8.5
Armour         | 2 3 4 5 |  5.1
Earth Magic    | 1 4 5 6 |  6.1
Invocations    | |  1.0

Action                     |  1- 3 |  4- 6 |  7- 9 | 10-12 | 13-15 || total
---------------------------+-------+-------+-------+-------+-------++-------
  Melee: Short sword       |     8 |    11 |       |       |       ||    19
         Rapier            |    22 |    63 |    29 |    73 |       ||   187
         Scimitar          |       |       |    14 |     8 |       ||    22
         Pair of quick bla |       |       |       |    66 |   282 ||   348
  Throw: Dart              |       |    11 |    18 |    50 |       ||    79
         Boomerang         |       |       |       |       |     8 ||     8
   Cast: Apportation       |    23 |    27 |    17 |    57 |    48 ||   172
         Magic Dart        |    30 |    59 |    40 |    20 |     1 ||   150
         Vampiric Draining |     2 |    20 |    35 |    53 |    15 ||   125
         Blink             |       |     3 |     1 |     6 |    11 ||    21
         Searing Ray       |       |       |    50 |    61 |    18 ||   129
         Frozen Ramparts   |       |       |    11 |    33 |    31 ||    75
         Mephitic Cloud    |       |       |     4 |    33 |    21 ||    58
         Ignite Poison     |       |       |     1 |    47 |   118 ||   166
         Flame Wave        |       |       |       |     8 |       ||     8
         Wereblood         |       |       |       |     6 |    26 ||    32
         Poisonous Vapours |       |       |       |    24 |   172 ||   196
         Freezing Cloud    |       |       |       |     4 |    29 ||    33
         Fireball          |       |       |       |     3 |     3 ||     6
         Sticky Flame      |       |       |       |       |    13 ||    13
         Olgreb's Toxic Ra |       |       |       |       |    26 ||    26
    Use: Potion            |       |     1 |     1 |     3 |     4 ||     9
         Scroll            |       |       |       |    18 |    11 ||    29
   Stab: Sleeping          |     2 |     3 |     2 |     8 |    16 ||    31
         Confused          |       |       |       |     5 |     9 ||    14
         Petrified         |       |       |       |       |     7 ||     7
 Armour: Robe              |    32 |    28 |    21 |     1 |       ||    82
         Steam dragon scal |       |       |       |    74 |     1 ||    75
         Skin              |       |       |       |     3 |       ||     3
         Troll leather arm |       |       |       |       |    97 ||    97
  Dodge: Dodged            |    51 |    55 |    92 |   197 |   145 ||   540
  Block: Buckler           |     7 |    28 |    38 |    41 |       ||   114
